 Dungeon Crawl Stone Soup version 0.30.1-3-gfc49f6343a (webtiles) character file.

Game seed: 9468671221247440419

12354 Heoruswealwe the Eclecticist (level 11, -4/54 HPs)
             Began as a Deep Elf Conjurer on July 20, 2023.
             Was a Believer of Vehumet.
             Slain by an ice beast (10 damage)
             ... on level 11 of the Dungeon.
             The game lasted 02:09:48 (11015 turns).

Heoruswealwe the Eclecticist (Deep Elf Conjurer)   Turns: 11015, Time: 02:09:49

Health: -4/54      AC:  9    Str:  4    XL:     11   Next: 61%
Magic:  3/34       EV: 12    Int: 34    God:    Vehumet [**....]
Gold:   504        SH:  0    Dex: 13    Spells: 11/44 levels left

rFire   . . .        b - +2 scimitar
rCold   . . .        (no shield)
rNeg    . . .        c - +0 steam dragon scales
rPois   .            (no helmet)
rElec   .            h - +2 cloak
rCorr   +            (no gloves)
SInv    .            e - +0 pair of boots
Will    +....        i - amulet of regeneration
Stlth   ++           k - +6 ring of intelligence
HPRegen 1.09/turn    j - ring of resist corrosion
MPRegen 0.24/turn

%: no passive effects
@: no status effects
A: no striking features
a: Renounce Religion


You were on level 11 of the Dungeon.
You worshipped Vehumet.
Vehumet was pleased with you.
You visited 2 branches of the dungeon, and saw 12 of its levels.

You collected 660 gold pieces.
You spent 156 gold pieces at shops.

Inventory:

Hand Weapons
 b - a +2 scimitar (weapon)
 f - a +5 battleaxe
Armour
 c - +0 steam dragon scales (worn)
 e - a +0 pair of boots (worn)
 h - a +2 cloak (worn)
Magical Staves
 o - a staff of cold
 p - a staff of air
Jewellery
 a - an amulet of reflection
 i - an amulet of regeneration (around neck)
 j - a ring of resist corrosion (right hand)
 k - a +6 ring of intelligence (left hand)
 m - the amulet of Understanding {Spirit Str+5 Stlth+}
   (You found it on level 10 of the Dungeon)

   [amulet of guardian spirit]

   It causes incoming damage to be divided between your reserves of health and
   magic.
   Str:       It affects your strength (+5).
   Stlth:     It makes you more stealthy.
Wands
 s - a wand of mindburst (2)
 A - a wand of roots (14)
 D - a wand of charming (9)
Scrolls
 l - 2 scrolls of fog
 n - 7 scrolls of teleportation
 q - a scroll of immolation
 u - 2 scrolls of blinking
 v - 2 scrolls of amnesia
 w - a scroll of torment {unknown}
 x - 2 scrolls of magic mapping {unknown}
 C - 3 scrolls of fear
 F - 3 scrolls of poison
Potions
 d - 2 potions of curing {unknown}
 g - 2 potions of attraction {unknown}
 r - 2 potions of mutation {unknown}
 t - a potion of berserk rage {unknown}
 z - a potion of lignification {unknown}
 B - a potion of degeneration {unknown}
 E - 3 potions of flight {unknown}
 G - a potion of might {unknown}
 H - a potion of cancellation {unknown}


   Skills:
 - Level 2.4 Dodging
 - Level 2.4 Stealth
 + Level 17.0 Spellcasting
 + Level 14.9 Conjurations


You had 11 spell levels left.
You knew the following spells:

 Your Spells              Type           Power      Damage    Failure   Level
a - Magic Dart            Conj           100%       1d8       0%          1
b - Foxfire               Conj/Fire      100%       2x1d9     1%          1
c - Searing Ray           Conj           100%       2d8       0%          2
d - Momentum Strike       Conj/Tloc      100%       3d10      1%          2
e - Mephitic Cloud        Conj/Pois/Air  58%        N/A       1%          3
f - Hailstorm             Conj/Ice       68%        3d14      1%          3
g - Dazzling Flash        Conj/Hex       100%       N/A       1%          3
h - Stone Arrow           Conj/Erth      100%       3d13      1%          3
i - Fulminant Prism       Conj/Hex       34%        3d15      1%          4
j - Iskenderun's Mystic   Conj/Tloc      68%        2d14      1%          4
k - Irradiate             Conj/Tmut      34%        3d23      1%          5
z - Passwall              Tmut/Erth      24%        N/A       1%          2

Your spell library contained the following spells:

 Spells                   Type           Power      Damage    Failure   Level
 Freeze                   Ice            100%       1d10      1%          1
 Sandblast                Erth           58%        2d13      1%          1
 Slow                     Hex            100%       N/A       1%          1
 Call Imp                 Summ           58%        N/A       1%          2
 Ensorcelled Hibernation  Hex/Ice        58%        N/A       1%          2
 Sublimation of Blood     Necr           29%        N/A       1%          2
 Confusing Touch          Hex            29%        N/A       3%          3
 Frozen Ramparts          Ice            58%        1d9       3%          3
 Swiftness                Air            29%        N/A       3%          3
 Tukima's Dance           Hex            29%        N/A       3%          3
 Vampiric Draining        Necr           29%        2d8       3%          3
 Passage of Golubria      Tloc           29%        N/A       13%         4
 Petrify                  Tmut/Erth      29%        N/A       13%         4
 Summon Lightning Spire   Summ/Air       29%        N/A       13%         4
 Yara's Violent Unravell  Hex/Tmut       14%        3d7       34%         5
 Storm Form               Tmut/Air       14%        N/A       100%        7
 Maxwell's Capacitive Co  Air            14%        ∞         100%        8


Dungeon Overview and Level Annotations

Branches:
Dungeon (11/15)            Temple (1/1) D:7            Lair (0/5) D:10
    Orc: D:9-12

Altars:
Ashenzari
Cheibriados
Dithmenos
Elyvilon
Fedhas
Gozag
Hepliaklqana
Kikubaaqudgha
Makhleb
Nemelex Xobeh
Okawaru
Qazlal
Ru
Sif Muna
Trog
Uskayaw
Vehumet
Wu Jian
Xom
Yredelemnul
Zin
The Shining One

Shops:
D:3 *   D:5 [


Message History

The stone arrow hits the slime creature!!!
You kill the slime creature!
Vehumet accepts your kill. The ice beast barely misses you.
You completely miss the ice beast.
The ice beast is heavily wounded.
The ice beast hits you but does no damage. x2
You closely miss the ice beast.
The ice beast is heavily wounded.
The ice beast closely misses you.
The ice beast hits you but does no damage.
You slash the ice beast!
The ice beast is almost dead.
The ice beast barely misses you.
The ice beast hits you but does no damage. x2
The ice beast barely misses you.
You barely miss the ice beast.
The ice beast is almost dead.
The ice beast hits you but does no damage. x2
You barely miss the ice beast.
The ice beast is severely wounded.
The ice beast hits you but does no damage. x3
The ice beast closely misses you.
You hit the ice beast.
The ice beast is almost dead.
The ice beast hits you. The ice beast freezes you. The ice beast hits you.
The ice beast freezes you!
You barely miss the ice beast.
The ice beast is almost dead.
The ice beast barely misses you. The ice beast hits you.
The ice beast freezes you!
You barely miss the ice beast.
The ice beast is almost dead.
The ice beast barely misses you. The ice beast hits you.
The ice beast freezes you!
* * * LOW HITPOINT WARNING * * *
The ice beast hits you.
* * * LOW HITPOINT WARNING * * *
The ice beast freezes you!
You die...

#.#####.####....#.....
...#..#..##.........Y.
......................
..................$...
#...................
#####....#..............
#..#..........##........
#........Y..............
#......@Y(.............
#......................
##........#.........
###.....##.##.......
#....#..............
#...###.#...#.......
#.(<###.#........).
##.................
#.#..~.~~.........


You could see 2 ice beasts.

Vanquished Creatures
  2 two-headed ogres
  A cyclops (D:10)
  2 centaur zombies (D:11)
  A troll (D:10)
  2 hornets
  Sigmund (D:3)
  3 slime creatures (D:11)
  2 shadows
  A wraith (D:9)
  20 yaks
  A steam dragon (D:7)
  2 vampire mosquitoes (D:8)
  An acid dragon (D:9)
  Duvessa (D:7)
  3 water moccasins
  3 sky beasts
  An orc warrior (D:6)
  A black bear (D:4)
  An ogre (D:7)
  2 wolves (D:10)
  3 centaurs
  2 phantoms
  5 bullfrogs
  6 scorpions
  21 wights
  Dowan (D:7)
  9 killer bees
  4 electric eels (D:10)
  6 howler monkeys
  2 quasits (D:6)
  An iron imp (D:4)
  Crazy Yiuf (D:3)
  A gnoll bouda (D:4)
  An orc priest (D:5)
  6 hounds (D:10)
  2 jellies
  A sleepcap (D:7)
  5 iguanas
  4 orc wizards
  4 gnolls (D:4)
  6 adders
  11 shadow imps (D:6)
  6 white imps
  5 ufetubi
  A worm (D:5)
  A dart slug (D:4)
  26 orcs
  2 ball pythons
  7 endoplasms
  5 giant cockroaches
  5 goblins
  11 hobgoblins
  4 jackals
  6 quokkas
  3 bats
  5 frilled lizards
  3 kobolds
  2 rats
  A spectral orc (D:8)
246 creatures vanquished.

Vanquished Creatures (others)
  3 fulminant prisms
3 creatures vanquished.

Grand Total: 249 creatures vanquished

Notes
Turn   | Place    | Note
-------+----------+-------------------------------------------
     0 | D:1      | Heoruswealwe the Deep Elf Conjurer began the quest for the
                  | Orb.
     0 | D:1      | Reached XP level 1. HP: 10/10 MP: 6/6
   480 | D:1      | Reached XP level 2. HP: 10/15 MP: 1/8
   483 | D:1      | Learned a level 2 spell: Searing Ray
   813 | D:2      | Reached skill level 4 in Spellcasting
   825 | D:2      | Reached skill level 5 in Conjurations
   825 | D:2      | Reached XP level 3. HP: 17/19 MP: 0/10
   838 | D:2      | Learned a level 3 spell: Dazzling Flash
  1487 | D:2      | Learned a level 3 spell: Stone Arrow
  1490 | D:2      | Learned a level 2 spell: Passwall
  1605 | D:2      | Reached XP level 4. HP: 24/24 MP: 7/12
  2296 | D:3      | Noticed a scorpion
  2299 | D:3      | Killed a scorpion
  2300 | D:3      | Reached skill level 5 in Spellcasting
  2300 | D:3      | Reached XP level 5. HP: 28/28 MP: 8/14
  2304 | D:3      | Learned a level 3 spell: Mephitic Cloud
  2483 | D:3      | Found a runed translucent door.
  2484 | D:3      | Noticed Crazy Yiuf
  2490 | D:3      | Killed Crazy Yiuf
  2629 | D:3      | Noticed Sigmund
  2637 | D:3      | Killed Sigmund
  2638 | D:3      | Reached skill level 6 in Spellcasting
  2638 | D:3      | Reached XP level 6. HP: 26/32 MP: 4/17
  2643 | D:3      | Learned a level 4 spell: Fulminant Prism
  2688 | D:3      | Found Puepnoycw's General Store.
  2779 | D:3      | Bought a scroll of fear for 48 gold pieces
  2779 | D:3      | Bought a scroll of amnesia for 48 gold pieces
  2779 | D:3      | Bought a potion of heal wounds for 60 gold pieces
  2979 | D:4      | Found a snail-covered altar of Cheibriados.
  2987 | D:4      | Reached skill level 7 in Spellcasting
  3199 | D:4      | Reached XP level 7. HP: 36/36 MP: 5/19
  3512 | D:5      | Entered Level 5 of the Dungeon
  3529 | D:5      | Reached skill level 8 in Spellcasting
  3639 | D:5      | Learned a level 3 spell: Hailstorm
  4393 | D:5      | Found Cein's Armour Shop.
  4566 | D:5      | Found a white marble altar of Elyvilon.
  4784 | D:6      | Reached skill level 9 in Spellcasting
  4784 | D:6      | Reached XP level 8. HP: 41/41 MP: 13/23
  4904 | D:6      | Learned a level 4 spell: Iskenderun's Mystic Blast
  5092 | D:6      | Reached skill level 10 in Spellcasting
  5327 | D:5      | You fall into a shaft and drop 3 floors!
  5475 | D:7      | Reached skill level 11 in Spellcasting
  5475 | D:7      | Reached skill level 10 in Conjurations
  5580 | D:6      | Found an opulent altar of Gozag.
  5784 | D:6      | Reached XP level 9. HP: 45/45 MP: 16/26
  5798 | D:6      | Learned a level 5 spell: Irradiate
  6637 | D:7      | Reached skill level 12 in Spellcasting
  6851 | D:7      | Found a sparkling altar of Nemelex Xobeh.
  6855 | D:7      | Found a bloodstained altar of Trog.
  6866 | D:7      | Found a staircase to the Ecumenical Temple.
  6885 | D:7      | Noticed Duvessa
  6886 | D:7      | Noticed Dowan
  6891 | D:7      | Killed Dowan
  6894 | D:7      | Killed Duvessa
  7077 | D:7      | Reached skill level 13 in Spellcasting
  7099 | Temple   | Entered the Ecumenical Temple
  7118 | Temple   | Became a worshipper of Vehumet
  7178 | D:7      | Found a broken altar of Ashenzari.
  7325 | D:8      | Found a basalt altar of Yredelemnul.
  7574 | D:8      | Reached XP level 10. HP: 50/50 MP: 19/29
  8128 | D:8      | Found a hazy altar of Hepliaklqana.
  8519 | D:9      | Reached skill level 14 in Spellcasting
  8677 | D:9      | Reached * piety under Vehumet
  8677 | D:9      | Offered knowledge of Foxfire by Vehumet.
  8680 | D:9      | Learned a level 1 spell: Foxfire
  8951 | D:9      | Noticed a two-headed ogre
  8965 | D:9      | Killed a two-headed ogre
  8966 | D:9      | Reached skill level 15 in Spellcasting
  9394 | D:9      | Identified a scroll of acquirement
  9488 | D:9      | Acquired a book of Debilitation
  9498 | D:10     | Entered Level 10 of the Dungeon
  9509 | D:10     | Found the ring of the Mage {Wiz Archmagi}
  9510 | D:10     | Noticed a skeletal warrior
  9510 | D:10     | Noticed a cyclops
  9510 | D:10     | Noticed a red ugly thing
  9510 | D:10     | Noticed a black mamba
  9519 | D:10     | Noticed a centaur warrior
  9519 | D:10     | Noticed a deep elf pyromancer
  9519 | D:10     | Noticed an orc knight
  9545 | D:10     | Noticed a centaur warrior
  9684 | D:10     | Noticed a cyclops
  9699 | D:10     | Killed a cyclops
  9700 | D:10     | Reached XP level 11. HP: 54/54 MP: 6/32
  9869 | D:10     | Reached skill level 16 in Spellcasting
  9880 | D:10     | Reached ** piety under Vehumet
  9988 | D:10     | Found a staircase to the Lair.
 10041 | D:10     | Offered knowledge of Momentum Strike by Vehumet.
 10047 | D:10     | Learned a level 2 spell: Momentum Strike
 10187 | D:10     | Identified the amulet of Understanding {Spirit Str+5
                  | Stlth+}
 10220 | D:10     | Found an iron altar of Okawaru.
 10268 | D:10     | Found a hide-covered altar of Uskayaw.
 10454 | D:10     | Found an ornate altar of the Wu Jian Council.
 10615 | D:10     | Noticed a shining eye
 10628 | D:10     | Noticed a harpy
 10639 | D:10     | a harpy changed into a culicivora
 10988 | D:11     | Noticed a two-headed ogre
 11004 | D:11     | Killed a two-headed ogre
 11005 | D:11     | Reached skill level 17 in Spellcasting
 11015 | D:11     | Slain by an ice beast

Illustrated notes

Levels and vault maps discovered:
D:1:      lightli_arrival_statue_moat, layout_loops_cross, patterned_corridor
D:2:      layout_loops_corners
D:3:      layout_rooms, serial_bayou, serial_bayou_pond_b, serial_bayou_shore_a,
          serial_bayou_shore_b, serial_bayou_lake_a, serial_shops,
          nicolae_shop_tiny_waterfront, uniq_crazy_yiuf_cottage, uniq_sigmund
D:4:      layout_loops_cross, slow_altar_2, serial_bayou_pond_e
D:5:      layout_layer_cave, elyvilon_altar_5, serial_shops, shop
D:6:      layout_cave_pods, mainiacjoe_overflow_cross_hatched, serial_demonic,
          serial_demonic_c, serial_demonic_c, serial_demonic_a,
          serial_demonic_g, serial_demonic_d, serial_demonic_f,
          nicolae_zen_rock_garden
D:7:      layout_cave_pools, mainiacjoe_overflow_alcove_2,
          nicolae_overflow_hidden_temple, minmay_temple_entry_stoned_glass,
          uniq_duvessa
D:8:      layout_basic, yredelemnul_forgotten_temple_becter,
          nicolae_hepliaklqana_hippocampus, chequers_serial_rivers_room_a,
          kennysheep_nub
D:9:      minmay_general_purpose_star, layout_rooms
D:10:     layout_cave_pods, lemuel_tele_altar, nicolae_overflow_squiral,
          erik_lair_island, nrook_mini_backslash, minivault_12
D:11:     minmay_ice_pillars, layout_cave_pools, serial_undead, serial_undead_f,
          serial_undead_a, serial_undead_f, serial_undead_f, serial_shops, shop
Temple:   minmay_freezing_vapour_temple

Skill      XL: |  1  2  3  4  5  6  7  8  9 10 11 |
---------------+----------------------------------+-----
Spellcasting   | 4 5 6 7 9 11 13 15 17 | 17.0
Conjurations   | 5 6 7 8 10 12 13 14 | 14.9
Dodging        | |  2.4
Stealth        | |  2.4

Action                     |  1- 3 |  4- 6 |  7- 9 | 10-12 || total
---------------------------+-------+-------+-------+-------++-------
  Melee: Unarmed           |     9 |   175 |     8 |       ||   192
         Punch             |       |     3 |       |     1 ||     4
         War axe           |       |       |     9 |       ||     9
         Scimitar          |       |       |    20 |    24 ||    44
   Cast: Magic Dart        |    72 |    73 |   175 |    58 ||   378
         Searing Ray       |     2 |     8 |    17 |     6 ||    33
         Stone Arrow       |       |       |    39 |    64 ||   103
         Iskenderun's Myst |       |       |    10 |    27 ||    37
         Hailstorm         |       |       |     6 |    12 ||    18
         Fulminant Prism   |       |       |     2 |     1 ||     3
    Use: Scroll            |       |       |     8 |     5 ||    13
         Potion            |       |       |     1 |     3 ||     4
 Armour: Robe              |     8 |     4 |    11 |       ||    23
         Steam dragon scal |       |       |       |    22 ||    22
  Dodge: Dodged            |    23 |    13 |    30 |    35 ||   101
